 Dungeon Crawl Stone Soup version 0.30.0-3-ga4e48a9924 (webtiles) character file.

Game seed: 4466557413128557097

109 Aldia the Conjurer (level 4, -1/25 HPs)
             Began as a Deep Elf Conjurer on May 7, 2023.
             Slain by Grinder (4 damage)
             ... on level 3 of the Dungeon.
             The game lasted 00:04:23 (2510 turns).

Aldia the Conjurer (Deep Elf Conjurer)              Turns: 2510, Time: 00:04:25

Health: -1/25      AC:  2    Str: 10    XL:     4   Next: 60%
Magic:  3/11       EV: 13    Int: 31    God:
Gold:   84         SH:  0    Dex: 13    Spells: 3/10 levels left

rFire   . . .        f - +0 dagger
rCold   . . .        (no shield)
rNeg    . . .        a - +0 robe
rPois   .            (no helmet)
rElec   .            (no cloak)
rCorr   .            (no gloves)
SInv    .            (no boots)
Will    .....        (no amulet)
Stlth   ++           c - +6 ring of strength
HPRegen 0.24/turn    m - +6 ring of intelligence
MPRegen 0.12/turn

%: no passive effects
@: no status effects
A: no striking features
a: no special abilities


You were on level 3 of the Dungeon.
You visited 1 branch of the dungeon, and saw 3 of its levels.

You collected 84 gold pieces.

Inventory:

Hand Weapons
 d - a +0 hand axe
 f - a +0 dagger (weapon)
Armour
 a - a +0 robe (worn)
 e - a +0 helmet
Jewellery
 c - a +6 ring of strength (left hand)
 m - a +6 ring of intelligence (right hand)
Scrolls
 i - 2 scrolls of teleportation
 j - a scroll of poison {unknown}
 k - a scroll of amnesia {unknown}
 l - a scroll of identify {unknown}
 n - 2 scrolls of enchant weapon {unknown}
 o - a scroll of enchant armour {unknown}
Potions
 b - a potion of magic
 g - a potion of ambrosia {unknown}
 h - 2 potions of might {unknown}
 p - a potion of resistance {unknown}


   Skills:
 + Level 1.3 Fighting
 + Level 3.4 Dodging
 - Level 2.4 Stealth
 + Level 3.9 Spellcasting
 * Level 5.3 Conjurations


You had 3 spell levels left.
You knew the following spells:

 Your Spells              Type           Power      Damage    Failure   Level
a - Magic Dart            Conj           100%       1d8       1%          1
b - Searing Ray           Conj           78%        2d7       1%          2
c - Fulminant Prism       Conj/Hex       11%        3d8       21%         4

Your spell library contained the following spells:

 Spells                   Type           Power      Damage    Failure   Level
 Dazzling Flash           Conj/Hex       44%        N/A       6%          3
 Mephitic Cloud           Conj/Pois/Air  17%        N/A       9%          3
 Cigotuvi's Dreadful Rot  Necr/Pois/Air  12%        N/A       10%         2
 Poisonous Vapours        Pois/Air       12%        N/A       10%         2
 Ignite Poison            Fire/Tmut/Pois 6%         N/A       19%         3
 Iskenderun's Mystic Bla  Conj/Tloc      22%        2d6       21%         4
 Freezing Cloud           Conj/Ice/Air   8%         6-21      63%         5
 Simulacrum               Ice/Necr       3%         N/A       100%        6
 Ozocubu's Refrigeration  Ice            3%         4d8       100%        7
 Polar Vortex             Ice            3%         N/A       100%        9


Dungeon Overview and Level Annotations

Branches:
Dungeon (3/15)

Altars:

Annotations:
D:3 Grinder


Message History

The magic dart hits the hobgoblin.
You kill the hobgoblin!
The ball python hisses angrily.
The magic dart hits the ball python.
You kill the ball python!
You can't see any susceptible monsters within range! (Use Z to cast anyway.)
You can't see any susceptible monsters within range! (Use Z to cast anyway.)
You start resting.
Grinder is nearby!
Grinder gestures at you. Pain shoots through your body!
Grinder gestures at you.
You suddenly lose the ability to move!
Grinder blinks!
You can move again.
Unknown command.
Unknown command.
Unknown command.
Casting: Magic Dart (safe; 1% risk of failure)
Confirm with . or Enter, or press ? or * to list all spells.
Aiming: Searing Ray (safe; 1% risk of failure)
Press: ? - help, Shift-Dir - straight line, f - Grinder
Aim: Grinder (78% to hit)
The searing ray hits Grinder.
Grinder is lightly wounded. (Press . to maintain the ray.) Grinder gestures at you.
You shrug off the repeated paralysis!
Unknown command.
The searing ray hits Grinder.
Grinder is moderately wounded.
Grinder gestures at you. Pain shoots through your body!
The searing ray hits Grinder.
Grinder is heavily wounded.
Grinder says, "Wait up."
Grinder hits you!
* * * LOW HITPOINT WARNING * * *
You writhe in agony.
You die...

##...)... ........
#..####.####....# #..
......#...##....##...#
..................#..###
......#######...#......
......#######...##.#.#
.....................#..
......#######.........#
......# ###.@...#..
.....## #.5###.#
........ ...... ..
######## ##.....# ##
#.....# .......#
###.....# #####


You could see Grinder.

Vanquished Creatures
  2 adders
  A worm (D:2)
  6 dart slugs
  An orc (D:3)
  2 ball pythons
  7 endoplasms
  5 giant cockroaches
  7 goblins
  7 hobgoblins
  3 jackals (D:2)
  3 quokkas
  8 bats
  4 frilled lizards
  7 kobolds
  6 rats
69 creatures vanquished.

Notes
Turn   | Place    | Note
-------+----------+-------------------------------------------
     0 | D:1      | Aldia the Deep Elf Conjurer began the quest for the Orb.
     0 | D:1      | Reached XP level 1. HP: 10/10 MP: 6/6
   133 | D:1      | Reached XP level 2. HP: 16/16 MP: 4/8
   173 | D:1      | Learned a level 2 spell: Searing Ray
   573 | D:1      | Found a faded altar of an unknown god.
   674 | D:1      | Reached XP level 3. HP: 20/20 MP: 6/9
   723 | D:1      | You fall into a shaft and drop 1 floor!
   957 | D:2      | Reached skill level 5 in Conjurations
  1012 | D:2      | Reached skill level 1 in Fighting
  1452 | D:2      | Reached XP level 4. HP: 25/25 MP: 3/11
  1471 | D:2      | Learned a level 4 spell: Fulminant Prism
  2248 | D:3      | HP: 1/25 [orc priest/divine providence (14)]
  2359 | D:3      | Noticed Grinder
  2505 | D:3      | Paralysed by Grinder for 3 turns
  2510 | D:3      | Slain by Grinder

Illustrated notes

Levels and vault maps discovered:
D:1:      minmay_arrival_checkered_box, layout_rooms,
          hellmonk_ecumenical_altar_slurped_away, minmay_unequal
D:2:      minmay_alternating_diamond, layout_basic, minmay_diced_spiral
D:3:      layout_rooms, grunt_temple_overflow_open, portal_sewer_entry_b,
          hex_intersection, chequers_serial_rivers_micro_e, uniq_grinder

Skill      XL: |  1  2  3 |
---------------+----------+-----
Dodging        | 3 |  3.4
Conjurations   | 5 |  5.3
Fighting       | 1 |  1.3
Stealth        | |  2.4
Spellcasting   | |  3.9

Action                     |  1- 3 |  4- 6 || total
---------------------------+-------+-------++-------
  Melee: Hand axe          |     2 |       ||     2
         Dagger            |       |    20 ||    20
   Cast: Magic Dart        |    73 |    48 ||   121
         Searing Ray       |     1 |     1 ||     2
    Use: Scroll            |       |     1 ||     1
 Armour: Robe              |       |     6 ||     6
  Dodge: Dodged            |     5 |    24 ||    29
